Map: [ESL] Goldenaura

Players

Strange - Winner!

  • Race: Protoss Protoss
  • League: Grandmaster
  • Spawn Location: 12:00

goblin

  • Race: Protoss Protoss
  • League: Grandmaster
  • Spawn Location: 5:00

Event: IEM Katowice 2024

VOD

Have the link to the VOD?

Description

Time

  • Played on: Dec. 7, 2023, 2:50 p.m.
  • Length: 16:08

All games in this series

Show
View Real Time Build Order
Export as new Build Order

Strange Protoss - Winner!

Build Orders:  

Get SALT Encoding   

  12  0:00  Probe  
  13  0:12  Probe  
  14  0:17  Pylon  
  14  0:24  Probe (Chrono Boost)  
  15  0:35  Gateway  
  15  0:37  Probe (Chrono Boost)  
  16  0:46  Assimilator, Probe (Chrono Boost)  
  17  0:51  Probe  
  17  0:54  Assimilator  
  18  1:03  Probe (Chrono Boost)  
  19  1:07  Gateway  
  19  1:12  Probe (Chrono Boost)  
  19  1:17  Probe (Chrono Boost)  
  20  1:24  Cybernetics Core  
  21  1:29  Probe  
  22  1:37  Pylon  
  22  1:41  Probe  
  23  2:00  Robotics Facility  
  23  2:02  Adept  
  23  2:05  Adept  
  27  2:09  Warp Gate  
  27  2:11  Pylon  
  27  2:32  Stalker  
  27  2:35  Stalker  
  31  2:45  Immortal (Chrono Boost)  
  34  2:57  Pylon  
  34  2:59  Shield Battery  
  34  3:24  Warp Prism (Chrono Boost)  
  32  3:31  Gateway  
  32  3:39  Pylon  
  32  3:50  Probe  
  33  3:58  Stalker x2  
  38  4:03  Observer  
  38  4:05  Twilight Council  
  38  4:22  Sentry  
  38  4:23  Stalker  
  42  4:25  Stalker  
  44  4:39  Blink (Chrono Boost)  
  44  4:45  Observer  
  44  4:52  Zealot, Stalker  
  46  4:55  Stalker  
  50  5:06  Pylon  
  50  5:10  Observer  
  50  5:26  Stalker x3  
  56  5:30  Observer  
  56  5:32  Observer  
  56  5:36  Pylon  
  56  5:41  Observer  
  56  6:10  Stalker  
  58  6:11  Probe  
  58  6:19  Stalker x2  
  58  6:20  Observer  
  58  6:23  Observer  
  62  6:35  Nexus  
  62  6:41  Pylon  
  62  6:48  Probe  
  63  7:01  Probe  
  64  7:03  Sentry, Shield Battery, Stalker  
  64  7:09  Stalker  
  64  7:13  Probe  
  64  7:16  Observer  
  65  7:25  Probe  
  66  7:37  Probe  
  67  7:49  Probe  
  69  7:51  Probe  
  69  7:56  Sentry, Stalker x2  
  75  8:01  Probe  
  75  8:03  Probe  
  76  8:13  Probe  
  76  8:15  Probe  
  76  8:19  Pylon  
  76  8:21  Observer (Chrono Boost)  
  76  8:24  Stalker x2  
  76  8:25  Probe  
  82  8:28  Stalker  
  84  8:35  Pylon  
  84  8:39  Assimilator  
  84  8:51  Stalker  
  84  8:52  Stalker x2  
  90  9:10  Probe  
  90  9:16  Stalker x2  
  90  9:17  Stalker  
  83  9:22  Observer  
  75  9:29  Probe  
  64  9:36  Probe  
  63  9:45  Stalker x3  
  69  9:48  Gateway  
  69  9:53  Gateway  
  69  9:56  Gateway  
  68  10:10  Gateway  
  66  10:15  Stalker x3  
  70  10:21  Observer  
  70  10:32  Probe  
  57  10:40  Stalker x3  
  59  10:47  Stalker  
  61  10:52  Nexus  
  61  10:56  Pylon  
  61  11:00  Sentry, Stalker  
  61  11:03  Probe x2 (Chrono Boost)  
  67  11:05  Resonating Glaives (Chrono Boost)  
  67  11:06  Stalker  
  69  11:15  Probe x2 (Chrono Boost)  
  71  11:22  Probe x2 (Chrono Boost)  
  71  11:23  Shield Battery  
  73  11:29  Probe x2  
  73  11:30  Sentry x2  
  73  11:31  Stalker  
  81  11:36  Pylon  
  81  11:41  Forge  
  81  11:42  Probe  
  81  11:44  Probe  
  82  11:54  Probe  
  83  11:56  Probe  
  83  12:00  Protoss Ground Weapons Level 1 (Chrono Boost)  
  84  12:01  Pylon  
  84  12:06  Adept x3, Probe  
  91  12:15  Probe x2  
  91  12:18  Probe  
  91  12:22  Robotics Facility  
  94  12:24  Assimilator  
  93  12:33  Gateway  
  93  12:34  Gateway  
  93  12:39  Stalker x3  
  99  12:57  Stalker x3  
  105  13:06  Immortal (Chrono Boost)  
  105  13:12  Pylon  
  109  13:14  Adept  
  109  13:15  Adept x3  
  109  13:18  Pylon  
  117  13:23  Nexus  
  116  13:37  Warp Prism (Chrono Boost)  
  116  13:45  Observer, Stalker x2  
  116  13:46  Stalker x2  
  124  13:52  Sentry  
  124  13:54  Adept x3  
  132  13:57  Pylon  
  130  14:13  Photon Cannon  
  130  14:16  Adept x4  
  138  14:17  Adept  
  140  14:37  Pylon  
  140  14:38  Adept x3  
  140  14:39  Adept x3  
  132  14:45  Adept x4  
  132  14:46  Adept x4  
  145  15:08  Pylon  
  141  15:19  Stalker  
  141  15:20  Stalker x4  
  136  15:49  Stalker x6  
  136  16:07  Adept x3  
Show
View Real Time Build Order
Export as new Build Order

goblin Protoss 

Build Orders: Oracle Opening 

Get SALT Encoding   

  12  0:00  Probe  
  13  0:12  Probe  
  14  0:17  Pylon  
  14  0:24  Probe (Chrono Boost)  
  15  0:36  Probe (Chrono Boost)  
  15  0:37  Gateway  
  16  0:44  Probe (Chrono Boost)  
  16  0:45  Assimilator  
  17  0:50  Probe  
  17  0:54  Assimilator  
  18  1:03  Probe (Chrono Boost)  
  19  1:08  Gateway  
  19  1:13  Probe (Chrono Boost)  
  19  1:18  Probe (Chrono Boost)  
  20  1:25  Cybernetics Core  
  21  1:29  Probe  
  22  1:34  Pylon  
  22  1:41  Probe  
  23  1:53  Probe  
  24  2:01  Warp Gate  
  24  2:02  Stalker, Adept  
  29  2:17  Stargate  
  29  2:21  Shield Battery  
  29  2:22  Probe  
  29  2:27  Pylon  
  29  2:36  Probe  
  30  2:51  Nexus  
  30  2:57  Stalker  
  32  3:07  Oracle (Chrono Boost)  
  30  3:33  Probe  
  31  3:45  Robotics Facility  
  31  3:54  Pylon  
  31  4:02  Stalker x2  
  33  4:04  Probe  
  36  4:18  Shield Battery  
  36  4:23  Void Ray (Chrono Boost)  
  40  4:25  Probe  
  41  4:34  Immortal (Chrono Boost)  
  41  4:38  Probe  
  46  4:46  Shield Battery  
  46  4:56  Gateway  
  46  5:06  Observer  
  47  5:11  Observer  
  47  5:22  Nexus  
  47  5:28  Pylon  
  47  5:46  Probe  
  48  5:52  Immortal (Chrono Boost)  
  52  5:57  Sentry  
  52  5:59  Probe  
  52  6:01  Pylon  
  55  6:17  Shield Battery  
  55  6:19  Probe  
  56  6:29  Sentry  
  56  6:31  Warp Prism, Probe (Chrono Boost)  
  62  6:42  Probe (Chrono Boost)  
  62  6:43  Probe (Chrono Boost)  
  63  6:50  Probe (Chrono Boost)  
  63  6:51  Shield Battery  
  64  6:58  Observer  
  64  7:00  Probe  
  65  7:01  Gateway  
  65  7:06  Shield Battery  
  61  7:19  Immortal  
  61  7:20  Probe  
  67  7:26  Twilight Council  
  66  7:30  Probe  
  66  7:32  Probe  
  66  7:41  Adept  
  68  7:45  Gateway  
  68  7:48  Gateway  
  67  7:59  Observer (Chrono Boost)  
  67  8:01  Blink (Chrono Boost)  
  67  8:02  Adept x2  
  72  8:13  Observer  
  72  8:14  Immortal  
  76  8:20  Pylon x2  
  76  8:29  Stalker  
  76  8:33  Pylon  
  78  8:35  Observer  
  78  8:38  Probe  
  79  8:48  Stalker x3  
  79  8:50  Probe  
  84  9:03  Sentry  
  84  9:07  Gateway  
  85  9:11  Gateway  
  53  9:33  Stalker x4  
  53  9:34  Immortal (Chrono Boost)  
  58  9:41  Pylon  
  58  9:55  Shield Battery  
  58  9:57  Zealot, Stalker x3, Pylon  
  64  10:14  Stalker  
  64  10:22  Stalker  
  64  10:23  Zealot x3  
  68  10:30  Stalker  
  62  10:40  Probe (Chrono Boost)  
  60  10:45  Probe (Chrono Boost)  
  62  10:50  Observer, Probe (Chrono Boost)  
  62  10:55  Probe (Chrono Boost)  
  63  11:06  Stalker x2  
  67  11:11  Stalker  
  69  11:32  Nexus, Observer, Probe  
  70  11:35  Probe  
  71  11:44  Probe  
  72  11:49  Charge  
  72  11:50  Probe (Chrono Boost)  
  73  11:57  Probe (Chrono Boost)  
  74  12:02  Sentry, Probe (Chrono Boost)  
  74  12:03  Stalker x2  
  81  12:09  Probe x2 (Chrono Boost)  
  81  12:15  Probe  
  83  12:17  Observer  
  83  12:21  Probe  
  85  12:25  Phoenix  
  85  12:33  Pylon, Probe  
  85  12:34  Stalker x3, Probe  
  85  12:36  Observer  
  93  12:45  Probe  
  94  13:02  Observer (Chrono Boost), Stalker  
  94  13:03  Stalker  
  94  13:05  Shield Battery, Probe  
  100  13:07  Assimilator  
  100  13:08  Probe  
  100  13:11  Stalker  
  102  13:22  Zealot x3  
  102  13:27  Shield Battery  
  108  13:40  Zealot x3  
  114  13:42  Probe  
  114  13:43  Gateway, Probe  
  116  13:49  Gateway  
  116  13:54  Pylon  
  116  13:55  Stalker x2, Probe x2  
  118  13:57  Robotics Bay  
  122  14:07  Observer (Chrono Boost), Forge  
  122  14:10  Zealot x4  
  122  14:16  Nexus  
  130  14:20  Probe x2  
  132  14:32  Probe x2  
  130  14:44  Probe  
  130  14:45  Stalker x7  
  143  15:00  Stalker  
  145  15:07  Gateway  
  145  15:08  Photon Cannon  
  145  15:09  Gateway  
  145  15:11  Pylon  
  133  15:31  Disruptor (Chrono Boost)  
  133  15:35  Stalker x3  
  127  15:36  Probe  
  127  15:39  Assimilator  
  127  15:45  Shield Battery  
  127  15:47  Assimilator  
  127  15:48  Probe  
  127  15:49  Shield Battery  
  124  15:50  Zealot x3, Stalker  

Tags
 
Add a new tag
Caveats
  • Supply blocks, unpowered buildings, or Contaminate may cause inaccurate times.
  • Supply counts are checked every 10 seconds.